 Dungeon Crawl Stone Soup version 0.30-a0-371-gad7725a93e (webtiles) character file.

Game seed: 16215749887000914790

86 Zonian the Magician (level 4, -1/31 HPs)
             Began as a Djinni Ice Elementalist on Nov 22, 2022.
             Killed by divine providence
             ... invoked by an orc priest
              (8 damage)
             ... on level 2 of the Dungeon.
             The game lasted 00:05:37 (2670 turns).

Zonian the Magician (Djinni Ice Elementalist)       Turns: 2670, Time: 00:05:38

Health: -1/31      AC:  2    Str:  7    XL:     4   Next: 78%
Gold:   115        EV: 16    Int: 18    God:
                   SH:  0    Dex: 14

rFire   + + .      SeeInvis .    n - +2 dagger (vamp)
rCold   x . .      Faith    .    (no shield)
rNeg    . . .      Spirit   .    a - +0 robe
rPois   ∞          Reflect  .    (no helmet)
rElec   .          Harm     .    (no cloak)
rCorr   .          Rampage  .    (no gloves)
Will    .....                    (boots unavailable)
Stlth   ++........               (no amulet)
HPRegen 0.25/turn                q - ring of wizardry
MPRegen 0.00/turn                b - +4 ring of evasion

@: flying
A: sickness immunity, fire resistance 2, cold vulnerability 1, float, innate
caster, HP casting, extra vitality 1
a: no special abilities


You were on level 2 of the Dungeon.
You visited 1 branch of the dungeon, and saw 2 of its levels.

You collected 115 gold pieces.

Inventory:

Hand Weapons
 e - a +0 dagger
 n - a +2 vampiric dagger (weapon)
Armour
 a - a +0 robe (worn)
Jewellery
 b - a +4 ring of evasion (right hand)
 o - a ring of protection from cold
 q - a ring of wizardry (left hand)
Scrolls
 c - a scroll of summoning {unknown}
 d - 2 scrolls of identify {unknown}
 g - a scroll of noise {unknown}
 i - 3 scrolls of teleportation {unknown}
 p - a scroll of enchant armour {unknown}
 r - a scroll of brand weapon {unknown}
 s - a scroll of poison {unknown}
 t - a scroll of vulnerability {unknown}
Potions
 f - a potion of curing {unknown}
 h - 3 potions of berserk rage {unknown}
 j - a potion of flight {unknown}
 k - a potion of brilliance {unknown}
 l - a potion of ambrosia {unknown}
 m - 2 potions of attraction {unknown}


   Skills:
 - Level 2.5 Dodging
 - Level 2.0 Stealth
 + Level 4.3 Spellcasting


You couldn't memorise any spells.
You knew the following spells:

 Your Spells              Type           Power      Damage    Failure   Level
a - Freeze                Ice            76%        1d8       1%          1
b - Frozen Ramparts       Ice            38%        1d6       2%          3
c - Ozocubu's Armour      Ice            19%        N/A       2%          3
d - Summon Ice Beast      Ice/Summ       19%        N/A       10%         4
e - Magic Dart            Conj           76%        1d6       1%          1
Your spell library was empty.

Dungeon Overview and Level Annotations

Branches:
Dungeon (2/15)

Altars:


Innate Abilities, Weirdness & Mutations

You are immune to sickness and miasma.
You are immune to poison.
Your flesh is very heat resistant. (rF++)
You are vulnerable to cold. (rC-)
You float through the air rather than walking.
You learn spells naturally, not from books.
Your magical power is your life essence.
You have superior vitality. (+4 MHP)


Message History

Key pressed, stopping explore.
You now have 115 gold pieces (gained 14).
Found an escape hatch in the floor.
Unknown command.
There is an escape hatch in the floor here.
There is an escape hatch in the floor here.
There is a stone staircase leading up here.
There is an open door here.
An orc priest is nearby!
Unknown command.
The orc priest shouts!
The orc priest hits you with a +0 club.
You hit the orc priest.
You feel better.
The orc priest is moderately wounded.
The orc priest hits you with a +0 club.
You hit the orc priest.
You feel better.
The orc priest is heavily wounded.
The orc priest hits you with a +0 club.
You hit the orc priest but do no damage.
The orc priest is heavily wounded.
The orc priest misses you.
You hit the orc priest but do no damage.
The orc priest is heavily wounded.
The orc priest calls down the wrath of Beogh upon you.
Beogh smites you!
Ouch! That really hurt!
* * * LOW HITPOINT WARNING * * *
You are too injured to fight recklessly!
Unknown command.
Casting: Freeze (safe; 1% risk of failure)
Confirm with . or Enter, or press ? or * to list all spells.
Aiming: Freeze (safe; 1% risk of failure)
Press: ? - help, Shift-Dir - straight line, f - orc priest
Aim: an orc priest, wielding a +0 club and wearing a +0 ring mail (moderately wounded)
You freeze the orc priest.
The orc priest is heavily wounded.
* * * LOW HITPOINT WARNING * * *
The orc priest calls down the wrath of Beogh upon you.
Beogh smites you!
You die...

'##### #............#
'#########..........#
....................#
.............########
.............#
.............###############
...........................#
...............o...........#
..###########...@..........#
..# ...'..............# ###
####..............#
#..............#
#..............#
♣♣###########'######
♣♣P#..## #<#
♣♣.P....#######.#
♣.PP............#


You could see an orc priest.

Vanquished Creatures
  An adder (D:2)
  A worm (D:2)
  5 dart slugs
  3 orcs (D:2)
  7 endoplasms
  3 giant cockroaches
  5 goblins
  4 hobgoblins
  4 quokkas
  6 ball pythons
  7 bats
  2 frilled lizards (D:2)
  3 kobolds (D:1)
  4 rats
55 creatures vanquished.

Notes
Turn   | Place    | Note
-------+----------+-------------------------------------------
     0 | D:1      | Zonian the Djinni Ice Elementalist began the quest for the
                  | Orb.
     0 | D:1      | Zonian set off with the following spells memorised: Freeze,
                  | Frozen Ramparts, Ozocubu's Armour, Summon Ice Beast.
     0 | D:1      | Reached XP level 1. HP: 15/15 MP: 0/0
   137 | D:1      | Reached XP level 2. HP: 7/21 MP: 0/0
   453 | D:1      | Reached XP level 3. HP: 24/25 MP: 0/0
   453 | D:1      | Learned a level 1 spell: Magic Dart
  1412 | D:2      | Reached skill level 4 in Spellcasting
  1417 | D:2      | Reached XP level 4. HP: 23/31 MP: 0/0
  2670 | D:2      | Killed from afar by an orc priest

Illustrated notes

Levels and vault maps discovered:
D:1:      dpeg_arrival_refuge, layout_basic, serial_co_window_serial,
          co_window_corner_a, co_window_paths_b, co_window_paths_a,
          co_window_paths_b, co_window_of_opportunity_a, co_window_broadway_c,
          co_window_broadway_c, co_window_2corner, co_window_corner_b,
          glass_columns_a, glass_columns_a
D:2:      layout_basic, serial_curves, eino_curves_03, eino_curves_03,
          glass_columns_a, uniq_crazy_yiuf_cottage

Skill      XL: |  1  2  3 |
---------------+----------+-----
Stealth        | 2 |  2.0
Spellcasting   | 4 |  4.3
Dodging        | |  2.5

Action                   |  1- 3 |  4- 6 || total
-------------------------+-------+-------++-------
Melee: Unarmed           |     3 |       ||     3
       Dagger            |    17 |    56 ||    73
 Cast: Freeze            |    24 |     7 ||    31
       Magic Dart        |    33 |     5 ||    38
       Frozen Ramparts   |       |     1 ||     1
 Stab: Sleeping          |     2 |     2 ||     4
       Distracted        |       |     1 ||     1
Armor: Robe              |    12 |     5 ||    17
Dodge: Dodged            |    42 |    41 ||    83

Table legend: (Time is in decaauts)
 A = Elapsed time spent in this place.
 B = Non-inter-level travel time spent in this place.
 C = Inter-level travel time spent in this place.
 D = Time resting spent in this place.
 E = Time spent auto-exploring this place.
 F = Levels seen in this place.
 G = Mean time per level.
                   A        B        C        D        E       F      G
               +--------+--------+--------+--------+--------+-----+--------+
         Total |   2666 |   2645 |     21 |    786 |   1370 |   2 | 1333.0 |
       Dungeon |   2666 |   2645 |     21 |    786 |   1370 |   2 | 1333.0 |
               +--------+--------+--------+--------+--------+-----+--------+

Top non-repeatable levels by time:
     D:2: 1486 daAuts
     D:1: 1180 daAuts
